Map: Baía do Rei LE

Players

PrintSc

  • Race: Terran Terran
  • League: Gold
  • Spawn Location: 5:00

I.A. 2 (Muito fácil) - Winner!

  • Race: Terran Terran
  • Spawn Location: 11:00

VOD

Have the link to the VOD?

Description

Time

  • Played on: July 15, 2019, 10:36 p.m.
  • Length: 8:51
Show
View Real Time Build Order
Export as new Build Order

PrintSc Terran 

Build Orders: Gas First Reaper Expand 

Get SALT Encoding   

  12  0:05  SCV  
  13  0:17  SCV  
  13  0:20  Supply Depot  
  14  0:29  SCV  
  14  0:33  Refinery  
  15  0:42  SCV  
  16  0:46  Barracks  
  16  0:55  SCV  
  17  1:07  SCV  
  18  1:19  SCV  
  19  1:33  Orbital Command  
  19  1:35  Reaper  
  20  1:50  Command Center  
  20  2:05  SCV, Factory  
  21  2:15  Barracks Reactor  
  21  2:18  Supply Depot  
  21  2:19  SCV  
  22  2:22  Refinery  
  22  2:32  SCV  
  23  2:44  SCV  
  24  2:57  Starport, SCV  
  25  3:02  Hellion  
  25  3:03  Barracks Tech Lab, Hellion  
  29  3:09  Orbital Command  
  29  3:10  SCV  
  30  3:22  SCV  
  30  3:23  Marine  
  30  3:24  Stimpack  
  30  3:25  Hellion  
  34  3:30  Hellion  
  36  3:35  SCV x2  
  38  3:42  Starport Reactor  
  38  3:47  SCV x2  
  40  3:59  SCV x2  
  40  4:00  Supply Depot  
  40  4:02  Hellion x2  
  46  4:18  Supply Depot  
  46  4:21  Medivac x2, Marine  
  46  4:22  SCV x2  
  53  4:25  Supply Depot  
  53  4:33  Command Center  
  53  4:37  SCV  
  54  4:40  SCV  
  54  4:44  Marine  
  56  4:47  Factory Tech Lab  
  56  4:54  SCV x2  
  56  4:55  Barracks  
  56  4:56  Barracks  
  58  5:06  SCV x2  
  60  5:09  Marine  
  60  5:11  Siege Tank  
  60  5:14  Refinery  
  64  5:16  Refinery  
  64  5:18  SCV x2  
  64  5:20  Supply Depot  
  66  5:22  Supply Depot  
  66  5:27  Marine  
  67  5:30  SCV x2, Combat Shield  
  69  5:38  Engineering Bay  
  69  5:39  Engineering Bay  
  69  5:42  SCV x2, Marine  
  71  5:43  Siege Tank  
  71  5:44  Marine  
  76  5:52  Orbital Command  
  76  5:54  SCV  
  76  5:55  SCV  
  78  5:57  Starport Reactor  
  78  5:58  Marine  
  78  5:59  Marine x2  
  78  6:00  Marine  
  82  6:05  Terran Infantry Armor Level 1, Terran Infantry Weapons Level 1  
  82  6:08  SCV x2  
  82  6:09  Marine  
  85  6:16  Marine  
  85  6:17  Marine  
  87  6:19  Marine x2  
  87  6:20  Siege Tank  
  92  6:29  SCV x2  
  90  6:33  Marine  
  90  6:34  Medivac x2, Marine  
  90  6:37  Marine x2  
  90  6:38  Orbital Command  
  98  6:50  Marine x2  
  98  6:51  Marine  
  101  6:57  Supply Depot  
  101  6:59  Supply Depot  
  101  7:00  SCV x2, Siege Tank  
  106  7:03  Medivac  
  108  7:08  Marine  
  108  7:14  Barracks  
  108  7:15  Barracks  
  109  7:19  SCV x3, Marine x3  
  111  7:28  Marine  
  111  7:29  Marine  
  113  7:31  SCV x3  
  113  7:32  Siege Tank  
  113  7:33  Medivac  
  113  7:34  Medivac  
  113  7:36  Marine  
  123  7:41  Marine  
  125  7:45  Supply Depot x2  
  125  7:46  Armory  
  125  7:52  SCV, Marine  
  125  8:05  Barracks Reactor x2  
  125  8:06  SCV x2, Siege Tank, Marine x3  
  125  8:08  SCV  
  125  8:09  Refinery  
  125  8:10  Refinery  
  125  8:12  Command Center  
  134  8:13  Marine  
  134  8:18  SCV  
  140  8:32  SCV x2, Marine x2  
  141  8:38  Supply Depot x2  
  141  8:39  Supply Depot  
Show
View Real Time Build Order
Export as new Build Order

I.A. 2 (Muito fácil) Terran - Winner!

Build Orders: Reaper Expand 

Get SALT Encoding   

  12  0:00  SCV  
  13  0:13  SCV  
  14  0:19  Supply Depot  
  14  0:42  Barracks  
  14  1:04  Command Center  
  14  1:30  Marine  
  15  1:34  Orbital Command, Supply Depot  
  15  1:39  Refinery  
  15  1:50  Refinery  
  15  1:59  SCV  
  16  2:11  SCV  
  17  2:16  SCV  
  17  2:19  Reaper  
  19  2:23  SCV  
  20  2:30  SCV  
  21  2:38  SCV  
  21  2:45  SCV  
  21  2:52  SCV  
  22  2:58  Marine  
  22  2:59  SCV  
  24  3:07  SCV  
  25  3:14  SCV  
  26  3:21  SCV  
  27  3:27  Refinery  
  27  3:28  SCV  
  28  3:35  SCV  
  28  3:38  Marine  
  28  3:40  Factory  
  30  3:42  SCV  
  31  4:03  Refinery  
  31  4:04  SCV  
  32  4:11  SCV  
  32  4:12  Supply Depot  
  33  4:18  SCV  
  33  4:19  Reaper  
  35  4:25  SCV  
  35  4:29  Starport  
  36  4:32  SCV  
  37  4:39  SCV  
  37  4:43  Supply Depot  
  38  4:47  SCV  
  38  4:52  Barracks Tech Lab  
  39  4:54  SCV  
  39  4:59  Hellion  
  42  5:01  SCV  
  38  5:07  Starport Tech Lab  
  38  5:08  SCV  
  28  5:15  SCV  
  24  5:22  SCV  
  24  5:28  Raven, Hellion  
  24  5:30  SCV  
  26  5:37  SCV  
  26  5:44  SCV  
  26  5:51  SCV  
  26  5:57  Hellion  
  27  5:58  SCV  
  28  6:09  SCV  
  28  6:11  Raven  
  28  6:16  SCV  
  31  6:23  SCV  
  34  6:25  Hellion  
  34  6:30  SCV  
  27  6:38  SCV  
  23  6:45  SCV  
  18  6:52  SCV  
  17  6:54  Marauder  
  17  6:59  SCV  
  15  7:07  SCV  
  13  7:14  SCV  
  12  7:21  SCV  
  13  7:23  Hellion  
  13  7:32  SCV  
  14  7:41  SCV  
  12  7:51  Viking  
  12  7:52  SCV  
  13  7:59  SCV  
  12  8:07  SCV  
  12  8:23  SCV  
  13  8:31  Marine  
  10  8:35  SCV  
Tags
 
Add a new tag
Caveats
  • Supply blocks, unpowered buildings, or Contaminate may cause inaccurate times.
  • Supply counts are checked every 10 seconds.